 Dungeon Crawl Stone Soup version 0.18.1-5-g4a78601 (webtiles) character file.

6 ololoev the Charlatan (level 1, -2/15 HPs)
             Began as a Demonspawn Artificer on May 12, 2016.
             Slain by a goblin (4 damage)
             ... on level 1 of the Dungeon.
             The game lasted 00:00:24 (36 turns).

ololoev the Charlatan (Demonspawn Artificer)          Turns: 36, Time: 00:00:24

Health: -2/15      AC:  3    Str: 11    XL:     1   Next: 75%
Magic:  3/3        EV: 11    Int: 13    God:
Gold:   0          SH:  0    Dex: 13    Spells: 0 memorised, 0 levels left

rFire  . . .     SeeInvis .     a - +0 short sword
rCold  . . .     Gourm    .     b - +0 leather armour
rNeg   . . .     Faith    .     (no shield)
rPois  .         Spirit   .     (no helmet)
rElec  .         Dismiss  .     (no cloak)
rCorr  .         Reflect  .     (no gloves)
SustAt .         Harm     .     (no boots)
MR     .....                    (no amulet)
Stlth  +.........               (no ring)
                                (no ring)

@: not resistant to hostile enchantments, very unstealthy
A: no striking features
a: no special abilities

Inventory:

Hand Weapons
 a - a +0 short sword (weapon)
Armour
 b - a +0 leather armour (worn)
Wands
 c - a wand of flame (13/48)
 d - a wand of enslavement (15/24)
 e - a wand of random effects (15/48)
Comestibles
 f - a bread ration


   Skills:
 + Level 1.3 Fighting
 - Level 0.8 Short Blades
 + Level 0.5 Armour
 - Level 1.7 Dodging
 - Level 0.8 Stealth
 * Level 3.1 Evocations


You couldn't memorise any spells.
You didn't know any spells.


You were on level 1 of the Dungeon.
You were not hungry.

You visited 1 branch of the dungeon, and saw 1 of its levels.

...... #......
###+###......
#........... #.........#
#.........#####
#.............#
###.....g)......#
#....($..@......#
########...............#
.......'..........$....+
###.####...............#
..<.# #..........[....#
....# #.......!.......#
#...# #...............#
##### #...............#
#........

Notes
Turn   | Place    | Note
--------------------------------------------------------------
     0 | D:1      | ololoev the Demonspawn Artificer began the quest for the Orb.
     0 | D:1      | Reached XP level 1. HP: 15/15 MP: 3/3
    36 | D:1      | Slain by a goblin

Dungeon Overview and Level Annotations

Branches:
Dungeon (1/15)

Altars:


Message History

You hit the kobold.
The kobold is moderately wounded.
The kobold hits you but does no damage.
You hit the kobold.
You kill the kobold!
You closely miss the kobold. The kobold hits you but does no damage.
You closely miss the kobold. The kobold hits you.
You hit the kobold but do no damage. The kobold barely misses you.
You hit the kobold.
The kobold is severely wounded.
The kobold barely misses you. x2
A hobgoblin comes into view. It is wielding a club.
The hobgoblin shouts!
You hit the kobold.
You kill the kobold!
You hit the dart slug.
The dart slug is moderately wounded.
The dart slug launches a dart at you. The slug dart hits you!
You hit the dart slug.
The dart slug is heavily wounded.
The dart slug barely misses you.
You hit the dart slug but do no damage.
The dart slug is heavily wounded.
The dart slug bites you but does no damage.
You hit the dart slug.
The dart slug is severely wounded.
You hit the dart slug.
The dart slug is almost dead.
The dart slug closely misses you.
You hit the dart slug but do no damage.
The dart slug is almost dead.
The hobgoblin misses you. The dart slug barely misses you.
You hit the dart slug.
You kill the dart slug!
The hobgoblin hits you with a club.
You barely miss the hobgoblin. The hobgoblin hits you with a club.
A goblin comes into view.
You are too injured to fight recklessly!
You are too injured to fight recklessly!
You are too injured to fight recklessly!
You are too injured to fight recklessly!
You are too injured to fight recklessly!
You are too injured to fight recklessly!
You are too injured to fight recklessly!
You are too injured to fight recklessly!
You are too injured to fight recklessly!
You are too injured to fight recklessly!
You are too injured to fight recklessly!
You are too injured to fight recklessly!
You are too injured to fight recklessly!
You are too injured to fight recklessly!
You are too injured to fight recklessly!
You are too injured to fight recklessly!
You are too injured to fight recklessly!
You barely miss the hobgoblin.
The goblin shouts!
The hobgoblin hits you but does no damage.
You barely miss the hobgoblin. The hobgoblin misses you.
You barely miss the hobgoblin.
The hobgoblin hits you but does no damage.
You barely miss the hobgoblin. The hobgoblin hits you with a club.
You hit the hobgoblin.
The hobgoblin is lightly wounded.
The hobgoblin hits you but does no damage.
Evoke which item? (* to show all) (? for menu, Esc to quit)
Zapping:
c - a wand of flame (15/48)
Press: ? - help, Shift-Dir - straight line, f - hobgoblin
Aim: a hobgoblin, wielding a club (lightly wounded)
The puff of flame hits the hobgoblin.
The hobgoblin is almost dead.
This wand has 14 charges left.
The hobgoblin hits you with a club.
Evoke which item? (* to show all) (? for menu, Esc to quit)
Zapping:
c - a wand of flame (14/48)
Press: ? - help, Shift-Dir - straight line, f/p - hobgoblin
Aim: a hobgoblin, wielding a club (almost dead)
The puff of flame hits the hobgoblin.
You kill the hobgoblin!
This wand has 13 charges left.
The goblin hits you.
You die...

You could see a goblin.

Vanquished Creatures
  A dart slug (D:1)
  A hobgoblin (D:1)
  2 kobolds (D:1)
4 creatures vanquished.

Action                   || total
-------------------------++-------
Melee: Short sword       ||    20
Evoke: Wand              ||     2
Armor: Leather armour    ||     5
Dodge: Dodged            ||     9

Vault maps used:
D:1:      dpeg_arrival_long_road
